 Dungeon Crawl Stone Soup version 0.23-a0-309-ge7838e6 (webtiles) character file.

0 Amnesiac the Digger (level 1, 0/7 HPs)
             Began as a Felid Earth Elementalist on Oct 11, 2018.
             Slain by a giant cockroach (2 damage)
             ... on level 1 of the Dungeon.
             The game lasted 00:00:17 (90 turns).

Amnesiac the Digger (Felid Earth Elementalist)        Turns: 90, Time: 00:00:18

Health: 0/7        AC:  1    Str:  4    XL:     1   Next: 8%
Magic:  3/4        EV: 18    Int: 16    God:
Gold:   11         SH:  0    Dex: 16    Spells: 3/4 levels left
                                        Lives:  0   Deaths: 0

rFire    . . .     SeeInvis +   (weapon unavailable)
rCold    . . .     Gourm    .   (shield unavailable)
rNeg     . . .     Faith    .   (armour unavailable)
rPois    .         Spirit   .   (helmet unavailable)
rElec    .         Reflect  .   (cloak unavailable)
rCorr    .         Harm     .   (gloves unavailable)
MR       .....                  (boots unavailable)
Stlth    +++.......             (no amulet)
HPRegen  0.02/turn              (no ring)
MPRegen  0.09/turn              (no ring)

@: quick
A: very small, no armour, no weapons or thrown items, stealth, claws 1, fangs 3,
see invisible, carnivore, speed 1, shaggy fur 1, slow metabolism 1, sharp paws
a: no special abilities


You were on level 1 of the Dungeon.
You were not hungry.

You visited 1 branch of the dungeon, and saw 1 of its levels.

You collected 11 gold pieces.

Inventory:

Missiles
 b - 49 stones
Scrolls
 a - a scroll of remove curse {!r, unknown}
 d - a scroll of identify {!r, unknown}
Comestibles
 c - a ration


   Skills:
 - Level 2.6 Dodging
 + Level 2.7 Stealth
 + Level 0.0 Unarmed Combat
 - Level 2.0 Spellcasting
   Level 1.1 Transmutations
 * Level 2.7 Earth Magic


You had 3 spell levels left.
You knew the following spells:

 Your Spells              Type           Power        Failure   Level  Hunger
a - Sandblast             Erth           ##....       7%          1    #......

Your spell library contained the following spells:

 Spells                   Type           Power        Failure   Level  Hunger
 Passwall                 Tmut/Erth      #.......     14%         2    ###....
 Stone Arrow              Conj/Erth      #.....       34%         3    ###....
 Petrify                  Tmut/Erth      #.......     67%         4    #####..
 Lee's Rapid Deconstruct  Erth           ##........   88%         5    ######.


Dungeon Overview and Level Annotations

Branches:
Dungeon (1/15)

Altars:


Innate Abilities, Weirdness & Mutations

You cannot wear armour.
You are incapable of wielding weapons or throwing items.
Your paws allow you to move quietly. (Stealth)
You have sharp claws.
You have razor-sharp teeth.
You have supernaturally acute eyesight. (SInv)
You are carnivorous and can eat meat at any time.
You cover ground quickly.
You are covered in fur. (AC +1)
You have a slow metabolism.
Your sharp claws are effective at attacking unaware monsters.


Message History

Invalid key '-247' in bindkey directive '[-247] CMD_NO_CMD_DEFAULT' Welcome, Amnesiac the Felid Earth Elementalist.
Will you prevail where others failed? Will you find the Orb of Zot?
Press ? for a list of commands and other information.
Found 20 stones.
Found a staircase leading out of the dungeon.
b - 50 stones (gained 20)
Found a leather armour.
a - a scroll labeled OVVUKHAOLO {!r} No target in view!
You now have 11 gold pieces.
Found a club.
No target in view!
You see here a club.
d - a scroll labeled WUDUCA OPPYSAU {!r} No target in view!
A rat comes into view.
A rat is nearby!
A giant cockroach comes into view.
Found a ration.
A goblin comes into view.
The helpless rat fails to defend itself.
You scratch the rat.
You kill the rat!
The goblin closely misses you.
You closely miss the goblin. The goblin hits you.
Ouch! That really hurt!
* * * LOW HITPOINT WARNING * * *
You scratch the goblin. You bite the goblin.
The goblin is severely wounded.
The goblin hits you.
* * * LOW HITPOINT WARNING * * *
The giant cockroach misses you.
You closely miss the goblin.
The goblin is severely wounded.
The goblin misses you. The giant cockroach barely misses you.
You closely miss the goblin.
The goblin is severely wounded.
The giant cockroach barely misses you. The goblin barely misses you.
Casting: Sandblast (safe; 7% risk of failure)
Confirm with . or Enter, or press ? or * to list all spells.
Aiming: Sandblast (safe; 7% risk of failure)
Press: ? - help, Shift-Dir - straight line, f - giant cockroach
Aim: a giant cockroach (clinging)
The blast of sand misses the giant cockroach.
b - 49 stones The giant cockroach bites you.
You die...

....####.####
#...%..#....####
#########g.........
............†......
######.#####..##.#
#g.# .....# ####
#########.# .....#
...# #.......#s#
....#
.#.#####.#####.#@#
#....
.#..[#...#...#...# #
##..
####.#.#.#.###.####.
#.....#...#...#...
##.#########.###.#
.....#.# #.)...#
.###.#.# ###.### .#
#...# #...#
.###.#.### ###.#


You could see a giant cockroach and a goblin.

Vanquished Creatures
  A rat (D:1)
1 creature vanquished.

Notes
Turn   | Place    | Note
-------+----------+-------------------------------------------
     0 | D:1      | Amnesiac the Felid Earth Elementalist began the quest for
                  | the Orb.
     0 | D:1      | Reached XP level 1. HP: 7/7 MP: 4/4
    90 | D:1      | Slain by a giant cockroach

Vault maps used:
D:1:      elethiomel_arrival_maze

Action                   || total
-------------------------++-------
Melee: Unarmed           ||     5
       Bite              ||     1
 Cast: Sandblast         ||     1
 Stab: Sleeping          ||     1
Dodge: Dodged            ||     6

Table legend:
 A = Non-vault XP
 B = Vault XP
 C = Vault XP percentage of total XP
 D = Non-vault monster count
 E = Vault monster count
 F = Vault count percentage of total count
                 A         B        C        D         E       F
            +---------+---------+-------+---------+---------+-------
      Total |       1 |       0 |   0.0 |       1 |       0 |   0.0
            +---------+---------+-------+---------+---------+-------
        D:1 |       1 |       0 |   0.0 |       1 |       0 |   0.0
            +---------+---------+-------+---------+---------+-------
